 Dungeon Crawl Stone Soup version 0.25-a0-55-g0753fd1ad2 (webtiles) character file.

Game seed: 17619353765813610756, levelgen mode: deterministic

141 Gumption the Grave Robber (level 5, -6/38 HPs)
             Began as a Demonspawn Necromancer on Oct 25, 2019.
             Mangled by Grinder (8 damage)
             ... while paralysed by Grinder
             ... on level 3 of the Dungeon.
             The game lasted 01:01:29 (3896 turns).

Gumption the Grave Robber (Demonspawn Necromancer)  Turns: 3896, Time: 01:01:30

Health: -6/38      AC:  5    Str:  9    XL:     5   Next: 3%
Magic:  5/9        EV:  2    Int: 17    God:
Gold:   178        SH:  0    Dex: 13    Spells: 1/9 levels left

rFire    . . .     SeeInvis .   a - +2 dagger (flame)
rCold    . . .     Gourm    .   (no shield)
rNeg     . . .     Faith    .   n - +0 leather armour
rPois    .         Spirit   .   (no helmet)
rElec    .         Reflect  .   h - +0 cloak
rCorr    .         Harm     .   p - +0 pair of gloves
MR       +....                  (no boots)
Stlth    +++.......             m - amulet of regeneration
HPRegen  0.52/turn              i - ring of protection from magic
MPRegen  0.11/turn              (no ring)

@: paralysed
A: hooves 1, nightstalker 1
a: no special abilities


You were on level 3 of the Dungeon.
You were hungry.

You visited 1 branch of the dungeon, and saw 3 of its levels.

You collected 178 gold pieces.

Inventory:

Hand Weapons
 a - a +2 dagger of flaming (weapon)
 u - a +0 hunting sling
Missiles
 b - 104 stones
 j - a throwing net {!f}
 o - 6 atropa-tipped darts
 s - 3 javelins (quivered)
Armour
 h - a +0 cloak (worn)
 n - a +0 leather armour (worn)
 p - a +0 pair of gloves (worn)
Jewellery
 i - a ring of protection from magic (left hand)
 m - an amulet of regeneration (around neck)
 t - an uncursed ring of fire
Scrolls
 c - a scroll of remove curse
 d - a scroll of magic mapping {unknown}
 k - a scroll of noise {unknown}
 w - 2 scrolls of identify
Potions
 f - 2 potions of might
 l - a potion of heal wounds
 q - 2 potions of haste
 r - 2 potions of lignification
Comestibles
 e - 5 rations
 g - 3 chunks of flesh


   Skills:
 + Level 1.7 Fighting
 - Level 1.7 Dodging
 + Level 2.5 Stealth
 + Level 2.8 Spellcasting
 * Level 5.7 Necromancy


You had one spell level left.
You knew the following spells:

 Your Spells              Type           Power        Failure   Level  Hunger
a - Pain                  Necr           ###.         2%          1    #......
b - Animate Skeleton      Necr           N/A          2%          1    #......
c - Vampiric Draining     Necr           ###.......   7%          3    ###....
z - Regeneration          Chrm/Necr      ##........   24%         3    ###....

Your spell library contained the following spells:

 Spells                   Type           Power        Failure   Level  Hunger
 Animate Dead             Necr           N/A          24%         4    #####..


Dungeon Overview and Level Annotations

Branches:
Dungeon (3/15)

Altars:
Ashenzari
Gozag
Hepliaklqana
Sif Muna

Annotations:
D:3 exclusion: gnoll, Grinder


Innate Abilities, Weirdness & Mutations

You have large cloven feet.
You are slightly more attuned to the shadows.


Message History

Throwing (i - inventory. (/) - cycle)
s - 4 javelins (quivered)
Press: ? - help, Shift-Dir - straight line, f/p - Grinder
Aim: Grinder (almost dead)
You throw a javelin.
The javelin pierces through Grinder but does no damage.
Grinder is almost dead.
Your skin stops crawling.
Grinder blinks!
You hit Grinder. You burn Grinder. You kick Grinder.
Grinder is almost dead.
Grinder hits you.
* * * LOW HITPOINT WARNING * * *
You writhe in agony.
* * * LOW HITPOINT WARNING * * *
You barely miss Grinder.
Grinder is almost dead.
Grinder gestures at you.
You suddenly lose the ability to move!
Grinder hits you!
You die...

# #.# #............#Z.##
# #.# #.#....[.......##
#####.# #.#....$.....###
....#.# #.##.#.####.##
..#.#.# ##.##.#.# #.#
#...#.#####(.##.#.# #.#
..."......(....?#.####.#
#.#....####.....5....(.#
#.#.##.# ###.##@.######
#.#.##.# #.##.##
#.#.##.# #Z##.#
#.#.##.#### #.##.#
#<#.##....###.##.#
..#.#..(.........#
##............#..#
##..#.###.#####..#
....#.# #.# #..#


You could see Grinder.

Vanquished Creatures
  A quasit (D:2)
  3 adders
  2 oozes
  2 worms (D:2)
  A dart slug (D:2)
  A leopard gecko (D:1)
  2 giant cockroaches
  5 goblins
  14 hobgoblins
  4 jackals (D:2)
  3 bats
  A frilled lizard (D:1)
  8 kobolds
  10 rats
57 creatures vanquished.

Vanquished Creatures (collateral kills)
  A dart slug (D:1)
  A goblin (D:1)
  A bat (D:3)
  A rat (D:2)
4 creatures vanquished.

Grand Total: 61 creatures vanquished

Notes
Turn   | Place    | Note
-------+----------+-------------------------------------------
     0 | D:1      | Gumption the Demonspawn Necromancer began the quest for the
                  | Orb.
     0 | D:1      | Reached XP level 1. HP: 13/13 MP: 3/3
     3 | D:1      | Learned a level 1 spell: Animate Skeleton
   304 | D:1      | Gained mutation: You have large cloven feet. [demonic
                  | ancestry]
   304 | D:1      | Reached XP level 2. HP: 3/19 MP: 0/5
  1438 | D:1      | Reached skill level 5 in Necromancy
  1510 | D:1      | Gained mutation: You are slightly more attuned to the
                  | shadows. [demonic ancestry]
  1510 | D:1      | Reached XP level 3. HP: 14/25 MP: 1/6
  2307 | D:2      | Learned a level 3 spell: Vampiric Draining
  2473 | D:2      | Reached skill level 1 in Fighting
  2647 | D:2      | Reached XP level 4. HP: 27/32 MP: 5/7
  3214 | D:2      | Learned a level 3 spell: Regeneration
  3444 | D:3      | Noticed Grinder
  3664 | D:3      | Reached XP level 5. HP: 36/38 MP: 3/9
  3751 | D:3      | Found a hazy altar of Hepliaklqana.
  3756 | D:3      | Found a shattered altar of Ashenzari.
  3756 | D:3      | Found an opulent altar of Gozag.
  3759 | D:3      | Found a shimmering blue altar of Sif Muna.
  3877 | D:3      | Paralysed by Grinder for 5 turns
  3894 | D:3      | HP: 1/38 [Grinder (4)]
  3895 | D:3      | Paralysed by Grinder for 2 turns
  3896 | D:3      | Mangled by Grinder

Levels and vault maps discovered:
D:1:      dpeg_arrival_pits, layout_basic, minmay_crystal_room,
          minmay_misc_feat_doors, chequers_serial_rivers_micro_a
D:2:      layout_loops_cross, first_ration
D:3:      layout_loops_ring, lemuel_coloured_pillars_altar, marbit_many_paths,
          minitemple, hangedman_decor_clover_reticule,
          minmay_goblin_kobold_house, uniq_grinder

Table legend:
 A = Non-vault XP
 B = Vault XP
 C = Vault XP percentage of total XP
 D = Non-vault monster count
 E = Vault monster count
 F = Vault count percentage of total count
                 A         B        C        D         E       F
            +---------+---------+-------+---------+---------+-------
      Total |     202 |       0 |   0.0 |      61 |       0 |   0.0
            +---------+---------+-------+---------+---------+-------
        D:1 |      41 |       0 |   0.0 |      23 |       0 |   0.0
        D:2 |     125 |       0 |   0.0 |      26 |       0 |   0.0
        D:3 |      36 |       0 |   0.0 |      12 |       0 |   0.0
            +---------+---------+-------+---------+---------+-------
